 Dungeon Crawl Stone Soup version 0.19-a0-1013-g40768a3 (webtiles) character file.

586 Ijustatesigmund the Skirmisher (level 7, 0/56 HPs)
             Began as a Demonspawn Fighter on July 21, 2016.
             Was an Initiate of Okawaru.
             Slain by a scorpion (2 damage)
             ... on level 5 of the Dungeon on July 24, 2016.
             The game lasted 00:12:37 (3384 turns).

Ijustatesigmund the Skirmisher (Demonspawn Fighter) Turns: 3384, Time: 00:12:38

Health: 0/56       AC:  6    Str: 15 (17) XL:     7   Next: 15%
Magic:  7/7        EV: 11    Int:  7 (9)  God:    Okawaru [......]
Gold:   252        SH: 10    Dex: 14 (17) Spells: 0 memorised, 6 levels left

rFire  . . .     SeeInvis .     a - +0 flail
rCold  . . .     Gourm    .     w - +0 scale mail {rN+}
rNeg   + . .     Faith    .     c - +1 shield
rPois  .         Spirit   .     (helmet restricted)
rElec  .         Dismiss  .     (no cloak)
rCorr  .         Reflect  .     (no gloves)
SustAt .         Harm     .     (no boots)
MR     .....                    n - amulet of rage
Stlth  ..........               (no ring)
                                m - +3 ring of dexterity

@: lethally poisoned (0 -> -9), not resistant to hostile enchantments, extremely
unstealthy
A: antennae 1, repulsion field 2
a: Renounce Religion, Evoke Berserk Rage


You were on level 5 of the Dungeon.
You worshipped Okawaru.
Okawaru was noncommittal.
You were not hungry.

You visited 2 branches of the dungeon, and saw 6 of its levels.

You collected 252 gold pieces.

Inventory:

Hand Weapons
 a - a +0 flail (weapon)
Armour
 c - a +1 shield (worn)
 e - a +0 chain mail
 o - a +0 plate armour
 w - a +0 scale mail of positive energy (worn)
Jewellery
 i - an uncursed ring of ice
 m - a +3 ring of dexterity (left hand)
 n - an amulet of rage (around neck)
 s - an uncursed ring of resist corrosion {unknown}
Wands
 y - a wand of lightning (11/15)
Scrolls
 b - 2 scrolls of amnesia
 d - 2 scrolls of fear {unknown}
 g - 3 scrolls of teleportation
 r - 3 scrolls of remove curse
 u - 2 scrolls of identify
 v - a scroll of noise {unknown}
Potions
 h - a potion of agility
 j - a potion of cancellation {unknown}
 p - a potion of resistance
 q - a potion of might
Books
 l - a book of Burglary

   Spells                             Type                      Level
   a - Swiftness                      Charms/Air                   2
   b - Passwall                       Transmutation/Earth          2
   c - Passage of Golubria            Translocation                4
   d - Lee's Rapid Deconstruction     Earth                        5
   e - Darkness                       Hexes                        6
   f - Invisibility                   Hexes                        6
Comestibles
 f - 3 bread rations
 k - a meat ration
 x - 2 slices of pizza
 z - a beef jerky


   Skills:
 - Level 5.2 Fighting
 - Level 4.1 Maces & Flails
 - Level 3.0 Armour
 - Level 3.0 Dodging
 - Level 3.3 Shields
 + Level 1.1 Invocations
 + Level 0.8 Evocations


You had 6 spell levels left.
You didn't know any spells.

Dungeon Overview and Level Annotations

Branches:
Dungeon (5/15)             Temple (1/1) D:4

Altars:
Ashenzari
Cheibriados
Dithmenos
Elyvilon
Fedhas
Gozag
Makhleb
Nemelex Xobeh
Okawaru
Qazlal
Sif Muna
Trog
Vehumet
Yredelemnul
Zin
The Shining One

Annotations:
D:5 Gagarin's ghost, amateur KoHu


Innate Abilities, Weirdness & Mutations

You have a pair of small antennae on your head.
You are surrounded by a moderate repulsion field. (EV +3)


Message History

You are too injured to fight recklessly!
You are too injured to fight recklessly!
You are too injured to fight recklessly!
You are too injured to fight recklessly!
It was a potion of degeneration.
There was something very wrong with that liquid.
You feel weakened.
You feel dopey.
You feel clumsy.
You feel sick. The giant cockroach bites you.
* * * LOW HITPOINT WARNING * * *
You block the scorpion's attack.
The centaur shoots an arrow.
The arrow hits you.
* * * LOW HITPOINT WARNING * * *
The crimson imp hits you but does no damage.
The giant cockroach barely misses you. Gagarin's ghost barely misses you.
You fail to use your ability.
* * * LOW HITPOINT WARNING * * *
You feel sick.
The centaur shoots an arrow.
The arrow hits you.
* * * LOW HITPOINT WARNING * * *
The scorpion stings you.
You die...

..###...###...# ##
..................# #.
..................# ##.
..... ...........###..
#... #...###..>.....
#... #...# #........
.###..c###...###....##..
......W..............#..
......s@..............#.
......s5(.............#.
.###...###...###......##
#... #...# #......# #...
#...# #......# .....
..............# ......
.............## ..####
#......


You could see a centaur, a scorpion, Gagarin's ghost, a crimson imp and a giant
cockroach.

Vanquished Creatures
  The ghost of Shenda the Chucker, an amateur OgHu (D:3)
  A howler monkey (D:4)
  A crimson imp (D:4)
  A hound (D:4)
  A centaur skeleton (D:5)
  An orc priest (D:4)
  3 orc wizards (D:4)
  2 worker ants (D:4)
  A worker ant zombie (D:5)
  4 gnolls (D:4)
  5 adders
  A white imp (D:4)
  An adder skeleton (D:4)
  A dart slug (D:2)
  3 giant geckos
  13 orcs (D:4)
  7 bats
  2 giant cockroaches
  5 goblins
  4 hobgoblins
  13 jackals
  A quokka (D:2)
  2 ball pythons
  A giant gecko skeleton (D:4)
  6 giant newts
  4 kobolds
  2 rats
87 creatures vanquished.

Vanquished Creatures (others)
  An orc wizard (D:4)
1 creature vanquished.

Grand Total: 88 creatures vanquished

Notes
Turn   | Place    | Note
-------+----------+-------------------------------------------
     0 | D:1      | Ijustatesigmund the Demonspawn Fighter began the quest for the Orb.
     0 | D:1      | Reached XP level 1. HP: 18/18 MP: 1/1
   348 | D:1      | Gained mutation: You are surrounded by a mild repulsion field. (EV +2) [demonic ancestry]
   348 | D:1      | Reached XP level 2. HP: 23/24 MP: 2/2
   633 | D:2      | Reached skill level 1 in Dodging
   773 | D:2      | Reached XP level 3. HP: 24/29 MP: 3/3
  1402 | D:2      | Reached XP level 4. HP: 34/37 MP: 4/4
  1700 | D:3      | Upgraded the game from 0.19-a0-1007-g133f65f to 0.19-a0-1013-g40768a3
  1705 | D:3      | Noticed Shenda's ghost (amateur OgHu)
  1721 | D:3      | Killed Shenda's ghost
  1721 | D:3      | Reached skill level 4 in Fighting
  1721 | D:3      | Gained mutation: You have a pair of small antennae on your head. [demonic ancestry]
  1721 | D:3      | Reached XP level 5. HP: 42/42 MP: 5/5
  2134 | D:4      | Reached XP level 6. HP: 48/49 MP: 6/6
  2258 | D:4      | Found a staircase to the Ecumenical Temple.
  2264 | Temple   | Entered the Ecumenical Temple
  2317 | Temple   | Became a worshipper of Warmaster Okawaru
  2595 | D:4      | Reached skill level 5 in Fighting
  3069 | D:4      | Gained mutation: You are surrounded by a moderate repulsion field. (EV +3) [demonic ancestry]
  3069 | D:4      | Reached XP level 7. HP: 51/56 MP: 7/7
  3208 | D:5      | Entered Level 5 of the Dungeon
  3208 | D:5      | Found a shadowy altar of Dithmenos.
  3221 | D:5      | Reached skill level 1 in Invocations
  3377 | D:5      | Noticed Gagarin's ghost (amateur KoHu)
  3384 | D:5      | HP: 2/56 [centaur/arrow (6)]
  3384 | D:5      | Slain by a scorpion

Vault maps used:
D:1:      elethiomel_arrival_shortcut
D:2:      serial_bayou, serial_bayou_shore_a, serial_bayou_lagoon_a,
          serial_bayou_pond_d, serial_bayou_pond_c
D:4:      first_bread, minmay_fire_ice_demons
D:5:      nicolae_dithmenos_through_a_glass_darkly, kennysheep_boxes
Temple:   regret_index_temple_waves

Skill      XL: |  1  2  3  4  5  6  7 |
---------------+----------------------+-----
Maces & Flails | 2 3 4 |  4.1
Dodging        | 1 2 3 |  3.0
Fighting       | 4 5 |  5.2
Shields        | 3 |  3.3
Armour         | 3 |  3.0
Invocations    | 1 |  1.1
Evocations     | |  0.8

Action                   |  1- 3 |  4- 6 |  7- 9 || total
-------------------------+-------+-------+-------++-------
Melee: Flail             |   116 |   233 |    39 ||   388
 Abil: Evoke Berserk Rag |       |     1 |       ||     1
  Use: Scroll            |     3 |     5 |       ||     8
       Potion            |       |     2 |     1 ||     3
  Eat: Chunk             |     2 |     3 |       ||     5
       Bread ration      |       |     1 |       ||     1
Armor: Chain mail        |    63 |    76 |     4 ||   143
       Scale mail        |    11 |       |    11 ||    22
Dodge: Dodged            |    36 |    68 |    23 ||   127
Block: Shield            |    63 |   118 |    33 ||   214
